 Dungeon Crawl Stone Soup version 0.31.0-9-g3a7656b989 (webtiles) character file.

Game seed: 1739057868043743880

3 qw the Shooter (level 1, -1/10 HPs)
             Began as a Spriggan Hunter on Feb 2, 2024.
             Slain by a ball python (2 damage)
             ... on level 1 of the Dungeon.
             The game lasted 00:00:00 (70 turns).

qw the Shooter (Spriggan Hunter)                      Turns: 70, Time: 00:00:00

Health: -1/10      AC:  2    Str:  7    XL:     1   Next: 41%
Magic:  2/2        EV: 18    Int: 10    God:
Gold:   14         SH:  0    Dex: 18    Spells: 0/0 levels left

rFire   . . .        a - +0 shortbow
rCold   . . .        (shield currently unavailable)
rNeg    . . .        c - +0 robe
rPois   .            (helmet restricted)
rElec   .            (no cloak)
rCorr   .            (gloves unavailable)
SInv    +            (boots unavailable)
Will    .....        (no amulet)
Stlth   ++           (no ring)
HPRegen 0.21/turn    (no ring)
MPRegen 0.08/turn

%: no passive effects
@: very quick
A: very small, no large weapons, unfitting armour, see invisible, speed 3
a: no special abilities


You were on level 1 of the Dungeon.
You visited 1 branch of the dungeon, and saw 1 of its levels.

You collected 14 gold pieces.


Innate Abilities, Weirdness & Mutations

You are very small and have problems with some larger weapons.
You are too small for most types of armour.
You have supernaturally acute eyesight. (SInv)
You cover ground extremely quickly. (Speed+++)


   Skills:
 - Level 1.5 Fighting
 - Level 4.0 Ranged Weapons
 + Level 3.1 Dodging
 - Level 1.5 Stealth


You couldn't memorise any spells.
You didn't know any spells.
Your spell library was empty.

Inventory:

Hand Weapons
 a - a +0 shortbow (weapon)
Armour
 c - a +0 robe (worn)
Scrolls
 b - a scroll of butterflies
 d - a scroll of silence {unknown}
Potions
 e - a potion of curing {unknown}

Dungeon Overview and Level Annotations

Branches:
Dungeon (1/15)

Altars:


Message History

The giant cockroach misses you.
You shoot an arrow.
The arrow closely misses the giant cockroach.
The arrow closely misses the rat.
The giant cockroach barely misses you. x2
You shoot an arrow. The arrow hits the giant cockroach.
You kill the giant cockroach!
Your Dodging skill increases to level 3!
You shoot an arrow. The arrow hits the rat.
You kill the rat!
The kobold misses you.
You shoot an arrow. The arrow hits the kobold.
The kobold is moderately wounded.
The kobold barely misses you.
You shoot an arrow. The arrow barely misses the kobold.
The arrow barely misses the rat.
The kobold hits you with a +0 short sword.
You shoot an arrow.
The arrow hits the kobold but does no damage.
The kobold closely misses you.
You shoot an arrow.
The arrow hits the kobold but does no damage.
The kobold barely misses you.
You shoot an arrow.
The arrow hits the kobold but does no damage.
The kobold hits you with a +0 short sword.
The kobold misses you.
You shoot an arrow. The arrow misses the kobold.
The arrow hits the rat.
You kill the rat!
The kobold hits you but does no damage.
You shoot an arrow. The arrow hits the kobold.
The kobold is severely wounded.
The kobold hits you with a +0 short sword.
You shoot an arrow. The arrow misses the kobold.
The arrow closely misses the ball python.
The kobold hits you with a +0 short sword.
You shoot an arrow. The arrow hits the kobold!
You kill the kobold!
The ball python bites you.
You die... .#. ..~ .. ..P #.# .... ..# .=... .. %. #..... ...?##.##.... .......%..#. ~ #S##.. .PP

#@##.# ..~P
#.##.####....
.####..#.#.......
..................?
.........#..#......#
...................#
...................#
............>......#
...................#


You could see a ball python.

Vanquished Creatures
  A giant cockroach (D:1)
  A bat (D:1)
  A kobold (D:1)
  2 rats (D:1)
5 creatures vanquished.

Notes
Turn   | Place    | Note
-------+----------+-------------------------------------------
     0 | D:1      | qw the Spriggan Hunter began the quest for the Orb.
     0 | D:1      | Reached XP level 1. HP: 10/10 MP: 2/2
     0 | D:1      | 0 ||| qw: Version: 0.3-a-155-g5e7d8dd
     0 | D:1      | 0 ||| qw: Game counter: 2388
     0 | D:1      | 0 ||| qw: Melee chars always use a shield: true
     0 | D:1      | 0 ||| qw: God list: Okawaru
     0 | D:1      | 0 ||| qw: Allow faded altars: false
     0 | D:1      | 0 ||| qw: Do Orc after clearing Dungeon:15 true
     0 | D:1      | 0 ||| qw: Do second Lair branch before Depths: true
     0 | D:1      | 0 ||| qw: Lair rune preference: random
     0 | D:1      | 0 ||| qw: Goals: Normal
     0 | D:1      | 0 ||| PLANNING D:1-11
    58 | D:1      | 58 ||| RETREEEEATING.
    61 | D:1      | Reached skill level 3 in Dodging
    69 | D:1      | HP: 1/10 [kobold/+0 short sword (3)]
    70 | D:1      | Slain by a ball python

Levels and vault maps discovered:
D:1:      orjb1_lava_funnel, layout_rooms, shapermc_ecumenical_altar_hornbeckon,
          serial_bayou, serial_bayou_shore_b, serial_bayou_shore_b,
          serial_bayou_lagoon_a, serial_bayou_lagoon_b,
          minmay_misc_feat_four_crosses, minmay_box_of_dots

Skill      XL: |  1 |
---------------+----+-----
Dodging        | 3 |  3.1
Fighting       | |  1.5
Ranged Weapons | |  4.0
Stealth        | |  1.5

Action                     || total
---------------------------++-------
   Fire: Shortbow          ||    21
 Armour: Robe              ||     7
  Dodge: Dodged            ||    14

Table legend:
 A = Non-vault XP
 B = Vault XP
 C = Vault XP percentage of total XP
 D = Non-vault monster count
 E = Vault monster count
 F = Vault count percentage of total count
                 A         B        C        D         E       F
            +---------+---------+-------+---------+---------+-------
      Total |       3 |       3 |  50.0 |       2 |       3 |  60.0
            +---------+---------+-------+---------+---------+-------
        D:1 |       3 |       3 |  50.0 |       2 |       3 |  60.0
            +---------+---------+-------+---------+---------+-------
